 Dungeon Crawl Stone Soup version 0.23-a0-270-gab6feb3dfb (webtiles) character file.

86 Banto the Digger (level 4, -2/27 HPs)
             Began as an Octopode Earth Elementalist on Oct 1, 2018.
             Slain by an adder (3 damage)
             ... on level 4 of the Dungeon.
             The game lasted 00:02:31 (2105 turns).

Banto the Digger (Octopode Earth Elementalist)      Turns: 2105, Time: 00:02:32

Health: -2/27      AC:  1    Str:  7    XL:     4   Next: 50%
Magic:  7/7        EV: 13    Int: 23    God:
Gold:   59         SH:  0    Dex: 12    Spells: 2/8 levels left

rFire    . . .     SeeInvis .   o - +1 dagger (venom)
rCold    . . .     Gourm    .   (no shield)
rNeg     . . .     Faith    .   (helmet restricted)
rPois    .         Spirit   .   (no amulet)
rElec    .         Reflect  .   h - ring of flight
rCorr    .         Harm     .   (no ring)
MR       .....                  (no ring)
Stlth    +++.......             (no ring)
HPRegen  0.09/turn              (no ring)
MPRegen  0.10/turn              (no ring)
                                (no ring)
                                (no ring)

@: brilliant, lethally poisoned (-2 -> -7)
A: almost no armour, stealthy swim, amphibious, 8 rings, constrict 8, camouflage
1, gelatinous body 1
a: Evoke Flight


You were on level 4 of the Dungeon.
You were not hungry.

You visited 1 branch of the dungeon, and saw 4 of its levels.

You collected 59 gold pieces.

Inventory:

Hand Weapons
 o - a +1 dagger of venom (weapon)
Missiles
 b - 114 stones (quivered)
 f - 4 curare-tipped needles
Jewellery
 g - an uncursed ring of positive energy {unknown}
 h - a ring of flight (left tentacle)
Scrolls
 a - 3 scrolls of remove curse {unknown}
 d - a scroll of random uselessness {unknown}
 e - 4 scrolls of identify {unknown}
 k - 2 scrolls of magic mapping {unknown}
 l - a scroll of noise {unknown}
Comestibles
 c - 7 rations


   Skills:
 - Level 0.3 Fighting
 + Level 1.2 Short Blades
 - Level 2.1 Dodging
 + Level 3.4 Stealth
 + Level 2.5 Spellcasting
 + Level 1.5 Transmutations
 + Level 3.9 Earth Magic


You had 2 spell levels left.
You knew the following spells:

 Your Spells              Type           Power        Failure   Level  Hunger
a - Sandblast             Erth           ####..       1%          1    None
b - Passwall              Tmut/Erth      ####....     1%          2    ##.....
c - Stone Arrow           Conj/Erth      ####..       1%          3    ###....

Your spell library contained the following spells:

 Spells                   Type           Power        Failure   Level  Hunger
 Petrify                  Tmut/Erth      ####....     4%          4    ####...
 Lee's Rapid Deconstruct  Erth           ####......   8%          5    ######.


Dungeon Overview and Level Annotations

Branches:
Dungeon (3/15)

Altars:
Zin

Annotations:
D:4 Dowan, Duvessa


Innate Abilities, Weirdness & Mutations

You cannot wear most types of armour.
You are very stealthy in the water. (Stealth+)
You are amphibious.
You can wear up to eight rings at the same time.
You can use your tentacles to constrict eight enemies at once.
Your skin changes colour to match your surroundings (Stealth+).
Your rubbery body absorbs attacks. (AC +1, EV +1)


Message History

The adder bites you.
* * * LOW HITPOINT WARNING * * *
You take 1 damage, and have 5/27 hp.
It was a potion of cancellation.
Your magical effects are unravelling.
You feel magically purged.
Your resistance to elements expires.
The adder closely misses you.
It was a potion of brilliance.
You feel clever all of a sudden. The adder barely misses you. x2
Dowan gestures wildly while chanting.
Dowan blinks!
You closely miss the adder. Your grab misses the adder. You squeeze the adder.
The adder is lightly wounded.
The adder bites you.
* * * LOW HITPOINT WARNING * * *
You are lethally poisoned!
The adder poisons you! The adder bites you.
You die...

### ... #.. #.# #.#
#.# #@#
#####S################
#.........e......e...$
#.###.#.#...#...#...#.
#.#....ยง....).....
#.###...#...#...#.
#.##..?...........
#.################ #.#


You could see an adder.

Vanquished Creatures
  2 adders (D:3)
  2 worms
  A leopard gecko (D:1)
  5 orcs (D:3)
  9 bats
  2 giant cockroaches
  6 goblins
  6 hobgoblins
  2 jackals (D:3)
  5 frilled lizards
  8 kobolds
  9 rats
57 creatures vanquished.

Notes
Turn   | Place    | Note
-------+----------+-------------------------------------------
     0 | D:1      | Banto the Octopode Earth Elementalist began the quest for
                  | the Orb.
     0 | D:1      | Reached XP level 1. HP: 11/11 MP: 3/3
    41 | D:1      | Reached XP level 2. HP: 12/17 MP: 5/5
   522 | D:1      | Reached XP level 3. HP: 21/21 MP: 6/6
   526 | D:1      | Learned a level 2 spell: Passwall
   530 | D:1      | Learned a level 3 spell: Stone Arrow
   962 | D:2      | Found a glowing silver altar of Zin.
  1554 | D:2      | Reached skill level 1 in Short Blades
  1829 | D:3      | Reached XP level 4. HP: 18/27 MP: 7/7
  2079 | D:3      | HP: 1/27 [adder (4)]
  2088 | D:3      | You fall through a shaft!
  2088 | D:4      | Noticed Duvessa
  2088 | D:4      | Noticed Dowan
  2105 | D:4      | HP: 1/27 [adder (4)]
  2105 | D:4      | Slain by an adder

Vault maps used:
D:1:      lightli_arrival_maybe_door_vault, minmay_misc_feat_diagonals,
          bh_walls_and_bars
D:2:      zin_academy
D:3:      minmay_misc_feat_room
D:4:      lemuel_coloured_pillars_altar, minmay_temple_entry_junction,
          first_ration, trog_three_pillars_becter, uniq_duvessa

Skill      XL: |  1  2  3 |
---------------+----------+-----
Stealth        | 3 |  3.4
Short Blades   | 1 |  1.2
Fighting       | |  0.3
Dodging        | |  2.1
Spellcasting   | |  2.5
Transmutations | |  1.5
Earth Magic    | |  3.9

Action                   |  1- 3 |  4- 6 || total
-------------------------+-------+-------++-------
Melee: Spear             |    24 |       ||    24
       Constrict         |    23 |     7 ||    30
       Tentacles         |    12 |     5 ||    17
       Short sword       |    45 |       ||    45
       Unarmed           |     4 |       ||     4
       Dagger            |    23 |    21 ||    44
Throw: Stone             |     1 |       ||     1
 Cast: Sandblast         |     2 |       ||     2
  Use: Potion            |       |     4 ||     4
 Stab: Sleeping          |    10 |       ||    10
  Eat: Chunk             |     3 |     1 ||     4
Armor: Skin              |     9 |     2 ||    11
Dodge: Dodged            |    53 |    26 ||    79

Table legend:
 A = Non-vault XP
 B = Vault XP
 C = Vault XP percentage of total XP
 D = Non-vault monster count
 E = Vault monster count
 F = Vault count percentage of total count
                 A         B        C        D         E       F
            +---------+---------+-------+---------+---------+-------
      Total |     124 |       0 |   0.0 |      57 |       0 |   0.0
            +---------+---------+-------+---------+---------+-------
        D:1 |      41 |       0 |   0.0 |      27 |       0 |   0.0
        D:2 |      28 |       0 |   0.0 |      16 |       0 |   0.0
        D:3 |      55 |       0 |   0.0 |      14 |       0 |   0.0
            +---------+---------+-------+---------+---------+-------

Table legend:
 A = Turns spent in this place as a percentage of turns spent in the entire game.
 B = Non-inter-level travel turns spent in this place as a percentage of non-inter-level travel turns spent in the entire game.
 C = Inter-level travel turns spent in this place as a percentage of turns spent in this place.
 D = Turns resting spent in this place as a percentage of non-inter-level travel turns spent in this place.
 E = Turns spent auto-exploring this place as a percentage of non-inter-level travel turns spent in this place.
 F = Non-inter-level travel turns spent in this place divided by the number of levels of this place that you've seen.
                   A       B       C       D       E      F
               +-------+-------+-------+-------+-------+----------------------
         Total | 100.0 | 100.0 |   5.8 |  13.8 |  64.9 | 495.8
       Dungeon | 100.0 | 100.0 |   5.8 |  13.8 |  64.9 | 495.8
               +-------+-------+-------+-------+-------+----------------------

Table legend:
 A = Kills in this place as a percentage of kills in entire the game.
 B = Kills by you in this place as a percentage of kills by you in the entire game.
 C = Kills by friends in this place as a percentage of kills by friends in the entire game.
 D = Other kills in this place as a percentage of other kills in the entire game.
 E = Experience gained in this place as a percentage of experience gained in the entire game.
 F = Experience gained in this place divided by the number of levels of this place that you have seen.
                   A       B       C       D       E      F
               +-------+-------+-------+-------+-------+----------------------
         Total | 100.0 | 100.0 |   N/A |   N/A | 100.0 |  31.0
       Dungeon | 100.0 | 100.0 |   N/A |   N/A | 100.0 |  31.0
               +-------+-------+-------+-------+-------+----------------------
